 Dungeon Crawl Stone Soup version 0.28-a0-258-g8de209e91f (webtiles) character file.

Game seed: 4821591489993652472

37 Jamsdnucbuo the Poker (level 3, -3/21 HPs)
             Began as a Tengu Gladiator on Aug 26, 2021.
             Slain by a scorpion (5 damage)
             ... on level 2 of the Dungeon.
             The game lasted 00:01:20 (852 turns).

Jamsdnucbuo the Poker (Tengu Gladiator)              Turns: 852, Time: 00:01:20

Health: -3/21      AC:  8    Str: 15    XL:     3   Next: 41%
Magic:  4/4        EV:  7    Int:  8    God:
Gold:   41         SH:  0    Dex: 17    Spells: 2/2 levels left

rFire   . . .      SeeInvis .   a - +0 trident
rCold   . . .      Faith    .   (no shield)
rNeg    . . .      Spirit   .   h - +0 chain mail
rPois   .          Reflect  .   c - +0 hat
rElec   .          Harm     .   (no cloak)
rCorr   .          Rampage  .   (no gloves)
Will    .....                   (boots unavailable)
Stlth   ..........              (no amulet)
HPRegen 0.07/turn               (no ring)
MPRegen 0.09/turn               (no ring)

@: lethally poisoned (-3 -> -23), unable to read
A: beak, talons 3, agile 1, mutation resistance 1, inability to read while
threatened
a: no special abilities


You were on level 2 of the Dungeon.
You visited 1 branch of the dungeon, and saw 2 of its levels.

You collected 41 gold pieces.

Inventory:

Hand Weapons
 a - a +0 trident (weapon)
Missiles
 d - 3 throwing nets (quivered)
Armour
 b - a +0 leather armour
 c - a +0 hat (worn)
 f - a +0 ring mail
 h - a +0 chain mail (worn)
Scrolls
 e - a scroll of enchant weapon {unknown}
 g - 2 scrolls of teleportation {unknown}
Potions
 j - a potion of heal wounds {unknown}


   Skills:
 + Level 2.1 Fighting
 + Level 4.0 Polearms
 + Level 2.2 Throwing
 + Level 3.9 Dodging


You had 2 spell levels left.
You didn't know any spells.
Your spell library contained the following spells:

 Spells                   Type           Power      Damage    Failure   Level
 Gell's Gravitas          Tloc           0%         N/A       100%        3
 Lesser Beckoning         Tloc           0%         N/A       100%        3
 Teleport Other           Tloc           0%         N/A       100%        3


Dungeon Overview and Level Annotations

Branches:
Dungeon (2/15)

Altars:


Innate Abilities, Weirdness & Mutations

You have a beak for a mouth.
You have claws for feet.
You are agile. (Dex +2)
You are somewhat resistant to further mutation.
You sometimes lose the ability to read scrolls when taking damage.


Message History

The kobold shouts!
There are monsters nearby!
There are monsters nearby!
You closely miss the scorpion.
The kobold hits you with a +0 short sword of venom.
The scorpion stings you but does no damage.
You hit the scorpion. Your kick misses the scorpion.
The scorpion is moderately wounded.
The scorpion stings you but does no damage.
The kobold barely misses you.
You hit the scorpion.
You claw the scorpion, but do no damage.
The scorpion is severely wounded.
The scorpion barely misses you. The kobold hits you but does no damage.
The scorpion stings you.
You barely miss the scorpion.
You claw the scorpion, but do no damage.
Your peck misses the scorpion.
The scorpion is severely wounded.
The kobold hits you but does no damage. The scorpion stings you.
You are poisoned.
The scorpion poisons you!
You hit the scorpion.
The scorpion is severely wounded.
You feel very sick.
The kobold hits you with a +0 short sword of venom.
You are lethally poisoned!
The scorpion stings you but does no damage.
The kobold hits you but does no damage.
You are more poisoned.
It was a potion of mutation.
You feel extremely strange.
You feel agile.
You feel genetically stable.
You lose the ability to read scrolls when threatened.
* * * LOW HITPOINT WARNING * * *
You feel very sick. The scorpion stings you.
You feel threatened and lose the ability to read scrolls!
* * * LOW HITPOINT WARNING * * *
The scorpion stings you.
You die...

######
....############
####.... .........
#......# ##....#.. #.#
#..###...#.#.#
#.###.>...........
#..).....#...#.#.#
#....#.#.#.......#
#@#....#.#...#†#..
#...Ks##...#..........
#........#.###....<...
#....##....# ####...##
#.... #..#.. #.....
#.... ....... ##.###
##### #.##.### #. ..
#. #.


You could see a scorpion and a kobold.

Vanquished Creatures
  4 dart slugs (D:1)
  3 bats (D:1)
  2 endoplasms (D:1)
  2 giant cockroaches (D:1)
  2 goblins (D:1)
  3 hobgoblins (D:1)
  5 ball pythons
  2 frilled lizards (D:1)
  3 kobolds (D:1)
26 creatures vanquished.

Notes
Turn   | Place    | Note
-------+----------+-------------------------------------------
     0 | D:1      | Jamsdnucbuo the Tengu Gladiator began the quest for the
                  | Orb.
     0 | D:1      | Reached XP level 1. HP: 12/12 MP: 2/2
   240 | D:1      | Reached XP level 2. HP: 17/17 MP: 3/3
   406 | D:1      | Found a faded altar of an unknown god.
   425 | D:1      | Reached XP level 3. HP: 18/21 MP: 4/4
   809 | D:2      | Reached skill level 4 in Polearms
   845 | D:2      | Noticed a scorpion
   852 | D:2      | Gained mutation: You are agile. (Dex +2) [potion of
                  | mutation]
   852 | D:2      | Gained mutation: You are somewhat resistant to further
                  | mutation. [potion of mutation]
   852 | D:2      | Gained mutation: You sometimes lose the ability to read
                  | scrolls when taking damage. [potion of mutation]
   852 | D:2      | Slain by a scorpion

Illustrated notes

Levels and vault maps discovered:
D:1:      minmay_arrival_loop, layout_rooms,
          hellmonk_ecumenical_altar_slurped_away, minmay_statues_item
D:2:      layout_basic

Skill      XL: |  1  2  3 |
---------------+----------+-----
Polearms       | 4 |  4.0
Fighting       | |  2.1
Throwing       | |  2.2
Dodging        | |  3.9

Action                   || total
-------------------------++-------
Melee: Trident           ||    60
       Peck              ||     8
       Kick              ||    10
  Use: Potion            ||     1
Armor: Leather armour    ||     5
       Chain mail        ||    10
       Ring mail         ||     3
Dodge: Dodged            ||    21

Table legend: (Time is in decaauts)
 A = Elapsed time spent in this place.
 B = Non-inter-level travel time spent in this place.
 C = Inter-level travel time spent in this place.
 D = Time resting spent in this place.
 E = Time spent auto-exploring this place.
 F = Levels seen in this place.
 G = Mean time per level.
                   A        B        C        D        E       F      G
               +--------+--------+--------+--------+--------+-----+--------+
         Total |    858 |    811 |     47 |      0 |    621 |   2 |  429.0 |
       Dungeon |    858 |    811 |     47 |      0 |    621 |   2 |  429.0 |
               +--------+--------+--------+--------+--------+-----+--------+

Top non-repeatable levels by time:
     D:1: 803 daAuts
     D:2: 54 daAuts
